 Dungeon Crawl Stone Soup version 0.20.0 (webtiles) character file.

81033 Llamajah the Warrior (level 15, -2/133 HPs)
             Began as a Barachi Berserker on June 5, 2017.
             Was the Champion of Trog.
             Slain by a two-headed ogre
             ... wielding a +0 giant club
              (12 damage)
             ... on level 2 of the Orcish Mines on June 6, 2017.
             The game lasted 04:13:41 (27747 turns).

Llamajah the Warrior (Barachi Berserker)           Turns: 27747, Time: 04:13:45

Health: -2/133     AC: 24    Str: 24    XL:     15   Next: 69%
Magic:  22/22      EV: 16    Int:  9    God:    Trog [******]
Gold:   1363       SH:  0    Dex: 11    Spells: 14/14 levels left

rFire    + . .     SeeInvis +   p - +4 battleaxe "Impbane" {holy, MR+}
rCold    + . .     Gourm    .   (shield currently unavailable)
rNeg     . . .     Faith    .   C - +1 chain mail {MR+}
rPois    .         Spirit   .   y - +2 helmet {SInv}
rElec    .         Reflect  .   a - scarf {rC+ rF+}
rCorr    .         Harm     .   U - +2 pair of gloves {archery}
MR       +++..                  b - +2 pair of boots
Stlth    ..........             (no amulet)
Regen    0.4/turn               o - +2 ring of evasion
MPRegen  0.2/turn               B - +2 ring of slaying

@: about to teleport, berserk cooldown, slowed, very slow
A: +LOS, swims, slowness 1, strong legs 2
a: Hop, Berserk, Trog's Hand, Brothers in Arms, Burn Spellbooks, Renounce
Religion


You were on level 2 of the Orcish Mines.
You worshipped Trog.
Trog was exalted by your worship.
You were hungry.

You visited 3 branches of the dungeon, and saw 22 of its levels.
You also visited: Ice Cave.

You collected 2417 gold pieces.
You spent 1054 gold pieces at shops.

Inventory:

Hand Weapons
 p - the +4 battleaxe "Impbane" (weapon) {holy, MR+}
   (Trog gifted it to you on level 12 of the Dungeon)

   It has been blessed by the Shining One to cause great damage to the undead
   and demons.
   It affects your resistance to hostile enchantments.
 t - a +2 scimitar of flaming
 H - a +3 broad axe of chopping
 S - the +2 longbow "Tuxiff" {velocity, rElec Str+2}
   (Trog gifted it to you on level 1 of the Lair of Beasts)

   Any arrow fired from it inflicts extra damage.
   It affects your strength (+2).
   It insulates you from electricity.
Missiles
 v - 284 arrows
Armour
 a - a scarf of resistance (worn)
 b - a +2 pair of boots (worn)
 r - a +2 large shield
 y - a +2 helmet of see invisible (worn)
 C - a +1 chain mail of magic resistance (worn)
 U - a +2 pair of gloves of archery (worn)
Jewellery
 o - a +2 ring of evasion (left hand)
 B - a +2 ring of slaying (right hand)
 L - an uncursed ring of protection from magic
Wands
 h - a wand of clouds (3/9)
 n - a wand of acid (10/15)
 J - a wand of lightning (10/15)
 R - a wand of confusion (21/48)
 W - a wand of iceblast (5/15)
 Z - a wand of flame (37/48)
Scrolls
 k - 2 scrolls of fear
 l - 2 scrolls of fog
 m - 10 scrolls of enchant armour
 u - 4 scrolls of holy word
 A - 6 scrolls of teleportation
 E - 2 scrolls of recharging
 G - a scroll of blinking
 K - 4 scrolls of magic mapping
Potions
 d - 5 potions of lignification
 g - 6 potions of curing
 i - 2 potions of ambrosia
 q - 3 potions of heal wounds
 w - a potion of berserk rage
 z - a potion of might
 I - a potion of haste
 O - 3 potions of agility
 P - 2 potions of brilliance
 Q - a potion of cancellation
 T - 2 potions of invisibility
Comestibles
 c - 12 bread rations
 f - 18 meat rations
 j - 22 royal jellies
 X - 11 fruits


   Skills:
 * Level 16.9 Fighting
 - Level 4.6 Long Blades
 + Level 12.2 Axes
 + Level 10.1 Bows
 + Level 12.9 Armour
 + Level 11.6 Dodging
 + Level 4.3 Shields
 + Level 9.5 Evocations


You had 14 spell levels left.
You didn't know any spells.

Dungeon Overview and Level Annotations

Branches:
Dungeon (14/15)            Temple (0/1) D:5            Lair (6/6) D:11
  Swamp (0/4) Lair:2       Spider (0/4) Lair:2        Slime (0/5) Lair:5
    Orc (2/2) D:12            Elf (0/3) Orc:2
 Vaults: D:13-14

Altars:
Cheibriados
Fedhas
Gozag
Kikubaaqudgha
Okawaru
Qazlal
Trog
Vehumet
Beogh

Shops:
D:4 ?[   D:5 [??:(   D:6 [   D:9 *


Innate Abilities, Weirdness & Mutations

Shadows flee at your approach. (+LOS)
You can swim through water.
You cover ground slowly.
You can hop longer distances.


Message History

2 ogres come into view.
As you read the scroll of teleportation, it crumbles to dust.
You feel strangely unstable.
The ogre shouts!
The two-headed ogre is engulfed in blazing flames. x2
The ogre mage barely misses you.
The two-headed ogre is engulfed in blazing flames.
The ogre is engulfed in blazing flames.
The ogre mage points at you and mumbles some strange words.
The crystal spear hits you!
* * * LOW HITPOINT WARNING * * *
The ogre mage is engulfed in blazing flames.
The ogre mage gestures wildly while chanting.
The ogre mage seems to speed up.
The ogre is engulfed in blazing flames.
The two-headed ogre is engulfed in blazing flames.
The two-headed ogre hits you but does no damage.
The two-headed ogre misses you. The two-headed ogre closely misses you.
The two-headed ogre misses you. The two-headed ogre closely misses you.
The two-headed ogre hits you with a giant club!
You die...
O..O OOOO OOO

.########§§######
.......§§§§§....
.....OOO§.....
#..O§OO......
##..OOO.O.....
#...O@OO$..#
##....OO#.###
#........#.## #
##..........# #
##......#.## ###
####.....#### #.#
##......### ##.#
#.....############
###... #......#
#.#.....# #....#


You could see 10 two-headed ogres, 3 ogre magi and 11 ogres.

Vanquished Creatures
  Azrael (D:13)
  Josephine (Lair:5)
  Snorg (D:14)
  Erolcha (D:9)
  3 hydras
  The ghost of Gridlocked the Fighter, a novice MiBe of Trog (D:10)
  An ogre mage (Orc:2)
  A death knight (D:13)
  10 two-headed ogres
  2 tengu warriors (D:14)
  An orc high priest (Orc:1)
  Nergalle (Lair:4)
  Sonja (Lair:3)
  An unseen horror (D:13)
  A phantasmal warrior (D:13)
  Pikel (D:7)
  A necromancer (IceCv)
  2 oklob plants (Lair:5)
  An ugly thing (D:11)
  An orc knight (Orc:2)
  A deep elf mage (D:12)
  An orc sorcerer (Orc:1)
  A wolf spider (D:14)
  2 manticores (D:12)
  An orb spider (Lair:2)
  4 cyclopes
  Joseph (D:9)
  6 black mambas
  A gargoyle (D:13)
  A torpor snail (Lair:3)
  4 ice statues (IceCv)
  10 rime drakes
  7 spiny frogs
  A yaktaur (D:14)
  6 komodo dragons
  2 freezing wraiths
  A queen bee (Lair:4)
  12 ice devils (IceCv)
  A meliai (shapeshifter) (D:12)
  7 trolls
  A hornet (shapeshifter) (D:13)
  7 polar bears (Lair:6)
  3 meliai (Lair:4)
  5 hornets (Lair:6)
  5 blink frogs (Lair:4)
  16 dream sheep
  A meliai zombie (D:14)
  16 hippogriffs
  A water elemental (D:14)
  11 spriggans (Lair:6)
  4 wyverns
  6 wraiths
  34 yaks
  A fire elemental (D:13)
  A yak (shapeshifter) (D:14)
  9 basilisks
  A hungry ghost (D:7)
  3 vampire mosquitoes (D:12)
  A warg (Orc:1)
  4 hell hounds (D:13)
  12 porcupines
  15 water moccasins
  13 ice beasts
  17 orc warriors
  A slave (D:7)
  5 sky beasts
  4 black bears
  An eye of draining (shapeshifter) (D:13)
  A necrophage (D:10)
  3 phantoms
  4 boggarts (Lair:6)
  34 wolves
  15 ogres
  11 centaurs
  11 crocodiles
  3 big kobolds
  18 bullfrogs
  2 gnoll sergeants
  4 scorpions
  A scorpion (shapeshifter) (D:14)
  2 wyvern skeletons
  21 killer bees (Lair:4)
  10 electric eels
  7 wights
  4 howler monkeys
  2 centaur zombies
  5 crimson imps
  2 quasits
  A bullfrog zombie (D:9)
  2 draconian simulacra (IceCv)
  7 jellies
  4 bullfrog skeletons
  7 hounds
  21 orc priests
  5 centaur skeletons
  Ijyb (D:5)
  6 iguanas
  16 orc wizards
  15 worker ants
  A spriggan simulacrum (IceCv)
  3 troll simulacra (IceCv)
  2 centaur simulacra (IceCv)
  A hound zombie (D:7)
  3 hound skeletons
  A worker ant zombie (D:11)
  20 gnolls
  An ogre simulacrum (IceCv)
  16 adders
  A naga simulacrum (IceCv)
  A shadow imp (D:6)
  7 oozes
  An adder skeleton (D:6)
  5 worms (D:3)
  5 dart slugs
  4 leopard geckos
  55 orcs
  4 ball pythons
  10 bats
  8 giant cockroaches
  7 hobgoblins
  14 jackals
  23 kobolds
  5 quokkas
  2 frilled lizards
  8 goblins
  A jackal skeleton (D:4)
  A leopard gecko skeleton (D:4)
  A quokka skeleton (D:9)
  13 rats
  2 fungi
  3 plants
775 creatures vanquished.

Vanquished Creatures (collateral kills)
  A soldier ant (D:11)
  A black bear (D:11)
2 creatures vanquished.

Vanquished Creatures (others)
  A howler monkey (D:7)
  An adder (D:7)
  2 jackals (D:7)
  13 fungi
  10 plants
27 creatures vanquished.

Grand Total: 804 creatures vanquished

Notes
Turn   | Place    | Note
-------+----------+-------------------------------------------
     0 | D:1      | Llamajah the Barachi Berserker began the quest for the Orb.
     0 | D:1      | Reached XP level 1. HP: 18/18 MP: 1/1
    76 | D:1      | Reached XP level 2. HP: 14/25 MP: 2/2
    80 | D:1      | Reached skill level 4 in Fighting
   712 | D:1      | Reached XP level 3. HP: 22/31 MP: 3/3
   722 | D:1      | Reached ** piety under Trog
  1419 | D:2      | Reached XP level 4. HP: 36/38 MP: 4/4
  1761 | D:3      | Reached skill level 5 in Fighting
  1830 | D:3      | Reached *** piety under Trog
  2045 | D:3      | Reached XP level 5. HP: 33/44 MP: 5/5
  3423 | D:3      | Reached XP level 6. HP: 46/52 MP: 6/6
  4047 | D:4      | Reached skill level 6 in Fighting
  4282 | D:4      | Found a radiant altar of Vehumet.
  4395 | D:4      | Reached XP level 7. HP: 48/59 MP: 7/7
  4485 | D:4      | Found Ziesoech's Antique Armour Shop.
  4489 | D:4      | Bought a pair of gloves for 126 gold pieces
  4758 | D:4      | Found Wuss's Magic Scroll Boutique.
  5004 | D:4      | Paralysed by a kobold for 5 turns
  5012 | D:4      | Reached skill level 5 in Armour
  5075 | D:5      | Entered Level 5 of the Dungeon
  5075 | D:5      | Found Demept's Magic Scroll Boutique.
  5075 | D:5      | Found Suer's Magic Scroll Boutique.
  5076 | D:5      | Found Pidwaici's Antique Weapon Boutique.
  5077 | D:5      | Found Gycsorai's Book Boutique.
  5090 | D:5      | Reached **** piety under Trog
  5090 | D:5      | Reached skill level 7 in Fighting
  5172 | D:5      | Found a blossoming altar of Fedhas.
  5209 | D:5      | Reached skill level 5 in Axes
  5213 | D:5      | Found a snail-covered altar of Cheibriados.
  5274 | D:5      | Found Esaocex's Antique Armour Boutique.
  5289 | D:5      | Noticed Ijyb
  5302 | D:5      | Killed Ijyb
  5315 | D:5      | Found an ancient bone altar of Kikubaaqudgha.
  5353 | D:5      | Reached XP level 8. HP: 56/67 MP: 8/8
  5427 | D:5      | Found an iron altar of Okawaru.
  5430 | D:5      | Reached skill level 1 in Bows
  5486 | D:5      | Found a staircase to the Ecumenical Temple.
  5563 | D:5      | Bought a runed chain mail for 165 gold pieces
  5832 | D:6      | Reached skill level 5 in Dodging
  5919 | D:6      | Reached skill level 8 in Fighting
  5969 | D:6      | Found Cyon's Armour Boutique.
  6200 | D:7      | Found a stormy altar of Qazlal.
  6291 | D:7      | Noticed a troll
  6308 | D:7      | Killed a troll
  6308 | D:7      | Reached XP level 9. HP: 43/75 MP: 9/9
  6618 | D:7      | Reached skill level 9 in Fighting
  6944 | D:7      | Reached ***** piety under Trog
  7382 | D:7      | Noticed Pikel
  7418 | D:7      | Killed Pikel
  7418 | D:7      | Reached skill level 10 in Fighting
  8072 | D:7      | Reached XP level 10. HP: 85/85 MP: 10/10
  8191 | D:8      | Noticed a cyclops
  8209 | D:8      | Killed a cyclops
  8367 | D:8      | Noticed a two-headed ogre
  8378 | D:8      | Reached skill level 5 in Bows
  8381 | D:8      | Killed a two-headed ogre
  8502 | D:8      | Reached skill level 11 in Fighting
  8947 | D:8      | Found an opulent altar of Gozag.
  9053 | D:8      | Received a gift from Trog
  9490 | D:6      | Bought a +1 pair of gloves of strength for 231 gold pieces
  9638 | D:9      | Noticed Erolcha
  9680 | D:9      | Found Upeuc's Assorted Antiques.
  9872 | D:9      | Found an ancient bone altar of Kikubaaqudgha.
  9872 | D:9      | Found a bloodstained altar of Trog.
  9872 | D:9      | Noticed a fire dragon
  9873 | D:9      | Noticed a cyclops
  9948 | D:9      | Noticed Joseph
  9964 | D:9      | Killed Joseph
  9964 | D:9      | Reached skill level 1 in Evocations
 10496 | D:9      | Killed a cyclops
 10575 | D:9      | Killed Erolcha
 10575 | D:9      | Reached XP level 11. HP: 61/95 MP: 12/12
 10826 | D:9      | Reached skill level 12 in Fighting
 10975 | D:10     | Entered Level 10 of the Dungeon
 11171 | D:10     | Noticed Gridlocked's ghost (novice MiBe)
 11201 | D:10     | Killed Gridlocked's ghost
 12067 | D:10     | Received a gift from Trog
 12071 | D:10     | Got a transparent longbow {god gift}
 12072 | D:10     | Identified the +7 longbow "Buvamep" {velocity, Fragile rElec rF+++ Str-3} (Trog gifted it to you on level 10 of the Dungeon)
 12611 | D:11     | Found a staircase to the Lair.
 12664 | D:11     | Noticed a green ugly thing
 12669 | D:11     | Killed a green ugly thing
 13468 | D:11     | Reached XP level 12. HP: 100/100 MP: 14/14
 13515 | D:12     | Reached skill level 13 in Fighting
 13877 | D:6      | Bought a +2 helmet of see invisible for 301 gold pieces
 14320 | D:12     | Reached skill level 10 in Armour
 14431 | D:12     | Received a gift from Trog
 14432 | D:12     | Got a jewelled battleaxe {god gift}
 14574 | D:12     | Noticed a two-headed ogre
 14582 | D:12     | Killed a two-headed ogre
 14833 | D:12     | Found a staircase to the Orcish Mines.
 14849 | D:12     | Identified the +4 battleaxe "Impbane" {holy, MR+} (Trog gifted it to you on level 12 of the Dungeon)
 15061 | D:12     | Found a roughly hewn altar of Beogh.
 15217 | D:12     | Reached skill level 5 in Evocations
 15333 | D:13     | Noticed Azrael
 15351 | D:13     | Killed Azrael
 15757 | D:13     | Reached skill level 10 in Axes
 15761 | D:13     | Received a gift from Trog
 15799 | D:13     | Noticed a death knight
 15835 | D:12     | Reached skill level 14 in Fighting
 16080 | D:13     | Noticed a seven-headed hydra
 16267 | D:13     | Gained mutation: You can hop longer distances. [Barachi growth]
 16267 | D:13     | Reached XP level 13. HP: 89/110 MP: 17/17
 16400 | D:13     | Reached skill level 1 in Long Blades
 16868 | D:14     | Noticed Snorg
 16882 | D:14     | Killed Snorg
 17213 | D:14     | Reached skill level 10 in Dodging
 17318 | D:14     | Received a gift from Trog
 17534 | D:14     | Noticed a vault guard
 17559 | D:14     | Noticed a vault guard
 17673 | Lair:1   | Entered Level 1 of the Lair of Beasts
 18115 | Lair:1   | Received a gift from Trog
 18116 | Lair:1   | Got a smoking longbow {god gift}
 18117 | Lair:1   | Identified the +2 longbow "Tuxiff" {velocity, rElec Str+2} (Trog gifted it to you on level 1 of the Lair of Beasts)
 18314 | D:6      | Bought a +2 pair of boots for 231 gold pieces
 18857 | Lair:2   | Found a frozen archway.
 18908 | IceCv    | Entered an ice cave
 18939 | IceCv    | Reached skill level 15 in Fighting
 19555 | IceCv    | Reached XP level 14. HP: 61/120 MP: 19/19
 20202 | Lair:2   | Found a hole to the Spider Nest.
 20308 | Lair:2   | Found a staircase to the Swamp.
 21004 | Lair:3   | Noticed Sonja
 21008 | Lair:3   | Killed Sonja
 21115 | Lair:3   | Received a gift from Trog
 21969 | Lair:4   | Received a gift from Trog
 22285 | Lair:4   | Reached skill level 1 in Shields
 22322 | Lair:4   | Noticed Nergalle
 22330 | Lair:4   | Killed Nergalle
 23106 | Lair:5   | Received a gift from Trog
 23124 | Lair:5   | Noticed Josephine
 23133 | Lair:5   | Killed Josephine
 23602 | Lair:5   | Reached skill level 16 in Fighting
 23935 | Lair:5   | Reached ****** piety under Trog
 23967 | Lair:5   | Found a staircase to the Slime Pits.
 24169 | Lair:5   | Reached XP level 15. HP: 131/131 MP: 21/21
 24451 | Lair:6   | Entered Level 6 of the Lair of Beasts
 25833 | Lair:6   | Received a gift from Trog
 26340 | Orc:1    | Entered Level 1 of the Orcish Mines
 26466 | Orc:2    | Entered Level 2 of the Orcish Mines
 26612 | Orc:2    | Found a staircase to the Elven Halls.
 27604 | Orc:2    | Found a roughly hewn altar of Beogh.
 27733 | Orc:2    | Reached skill level 10 in Bows
 27747 | Orc:2    | Slain by a two-headed ogre

Skill      XL: |  1  2  3  4  5  6  7  8  9 10 11 12 13 14 15 |
---------------+----------------------------------------------+-----
Fighting       | 4 5 6 7 8 10 11 12 14 15 16 | 16.9
Dodging        | 3 4 5 6 7 8 9 10 11 | 11.6
Armour         | 3 4 5 6 7 8 9 10 11 12 | 12.9
Axes           | 4 5 6 7 8 9 10 11 12 | 12.2
Bows           | 3 4 6 7 8 9 10 | 10.1
Evocations     | 2 3 5 7 8 9 |  9.5
Long Blades    | 4 |  4.6
Shields        | 3 4 |  4.3

Action                   |  1- 3 |  4- 6 |  7- 9 | 10-12 | 13-15 || total
-------------------------+-------+-------+-------+-------+-------++-------
Melee: Hand axe          |   111 |   343 |    46 |       |       ||   500
       War axe           |       |       |   388 |   326 |       ||   714
       Battleaxe         |       |       |       |    56 |   732 ||   788
       Scimitar          |       |       |       |       |    27 ||    27
 Fire: Shortbow          |       |       |     2 |    67 |     7 ||    76
       Longbow           |       |       |       |   316 |   392 ||   708
Invok: Berserk           |       |     3 |    11 |     7 |    17 ||    38
       Brothers in Arms  |       |       |       |     1 |       ||     1
       Trog's Hand       |       |       |       |     1 |       ||     1
       Burn Spellbooks   |       |       |       |       |     2 ||     2
 Abil: Hop               |       |       |       |       |     1 ||     1
Evoke: Wand              |       |       |       |       |     7 ||     7
  Use: Scroll            |       |     8 |       |    13 |    17 ||    38
       Potion            |       |       |       |       |     5 ||     5
 Stab: Sleeping          |     1 |     1 |       |       |       ||     2
  Eat: Chunk             |     2 |    13 |    19 |    31 |    33 ||    98
       Fruit             |       |       |     5 |     4 |     8 ||    17
       Bread ration      |       |       |     1 |       |       ||     1
       Royal jelly       |       |       |       |     1 |     8 ||     9
Armor: Animal skin       |    30 |    47 |       |       |       ||    77
       Chain mail        |       |    39 |   241 |   315 |   576 ||  1171
Dodge: Dodged            |    85 |   274 |   278 |   410 |   932 ||  1979
       Rpst.: Scimitar   |       |       |       |       |     3 ||     3
